[Event "Charlotte Spring IM-C 2023"]
[Site "Charlotte"]
[Date "2023.03.17"]
[Round "4.4"]
[White "Jayaraman, Roshan"]
[Black "Chiku-Ratte, Olivier-Kenta"]
[Result "0-1"]
[ECO "E91"]
[WhiteElo "1907"]
[BlackElo "2301"]
[Annotator "TA"]
[PlyCount "98"]
[EventDate "2023.03.14"]
[EventType "tourn"]
[EventCountry "USA"]
[SourceTitle "playchess.com"]
[Source "ChessBase"]
[SourceQuality "1"]
[TimeControl "5400+30"]

1. d4 Nf6 2. c4 c5 3. d5 g6 4. Nc3 Bg7 5. e4 O-O 6. Nf3 e6 7. Be2 exd5 8. exd5 Re8 9. O-O d6 10. Re1 Bf5 {[%emt 0:00:00] E91: King's Indian: Classical: 6 Be2, unusual replies including 6...c5 and 6...Bg4.} 11. Bd3 {[%emt 0:00:52] [#] aiming for Bxf5.} Rxe1+ 12. Nxe1 Bxd3 {[%emt 0:00:00] The position is equal.} 13. Nxd3 {[%emt 0:00:26] [#]} Na6 $146 ({Predecessor:} 13... Nbd7 14. Bf4 Nb6 15. b3 Nh5 16. Bd2 {½-½ Kierzek,M (2234)-Werner,C (2330) Wch Seniors 65 25th 2015 (11)}) 14. Bg5 h6 15. Bh4 Nb4 16. Ne1 Qe7 17. a3 Na6 18. Nd3 Re8 19. f3 Nb8 20. Qc2 Qd8 21. Re1 Rxe1+ 22. Bxe1 a6 23. b4 cxb4 24. axb4 b5 25. Qb3 bxc4 26. Qxc4 Nfd7 27. Na4 Qe8 28. Bc3 Nf6 (28... Qe3+ {looks sharper.} 29. Kf1 Bxc3 30. Nxc3 Nb6) 29. Bxf6 Bxf6 30. Nc3 Qe3+ 31. Kf1 $1 Bxc3 32. Qxc3 $11 {[%emt 0:00:10][%mdl 4096] Endgame KQN-KQN} Nd7 33. Qc8+ Kg7 34. Qxa6 Qd4 35. Qa3 Qc4 36. Ke1 Nb6 37. Kd2 Qxd5 38. Qc3+ Kg8 39. Kc2 Nc4 40. Kb1 Ne3 41. Ne1 (41. Nf2 $1 $11 {remains equal.} Nc4 42. Kc2) 41... Qd1+ $17 42. Qc1 {[%emt 0:00:21] [#] Strongly threatening Qxd1.} Qe2 {[%emt 0:00:23] Black is much more active.} 43. g3 $2 {[%emt 0:01:46] Now White is beyond hope.} (43. Nc2 $17 {is a better defense.} Nxg2 44. Qxh6) 43... Nc4 $19 44. Nc2 Qxf3 45. Ka2 {[%emt 0:00:43] Wards off Qb3+} Qc3 {[%emt 0:00:31] Repels Na3. White must now prevent ...d5.} 46. Qb1 Nd2 {[%emt 0:00:14] Against Qb3} 47. Qb2 Qc4+ 48. Ka1 Qa6+ 49. Qa3 $2 (49. Qa2 Qf1+ 50. Kb2) 49... Qf1+ {[%emt 0:00:08] Weighted Error Value: White=0.39/Black=0.04 (flawless)} 0-1

[Event "Charlotte Spring IM-C 2023"]
[Site "Charlotte"]
[Date "2023.03.17"]
[Round "4.5"]
[White "Sriniaiyer, Sudarshan"]
[Black "Vanapalli, Vishnu"]
[Result "0-1"]
[ECO "A33"]
[WhiteElo "2186"]
[BlackElo "2226"]
[Annotator "TA"]
[PlyCount "100"]
[EventDate "2023.03.14"]
[EventType "tourn"]
[EventCountry "USA"]
[SourceTitle "playchess.com"]
[Source "ChessBase"]
[SourceQuality "1"]
[TimeControl "5400+30"]

1. d4 Nf6 2. c4 c5 3. Nf3 cxd4 4. Nxd4 Nc6 5. Nc3 e6 6. Bf4 d6 {[%emt 0:01:00] [#] ...Nxd4 is the strong threat. A33: Symmetrical English: 2 Nf3 Nf6 3 d4 cxd4 4 Nxd4 e6 5 Nc3 Nc6.} 7. Nxc6 bxc6 8. e4 e5 {[%emt 0:00:00] [#] The position is equal.} 9. Bg3 $146 ({Predecessor:} 9. Bd2 Be7 10. Be2 O-O 11. O-O Be6 12. Qc2 Rc8 13. Rfd1 d5 14. exd5 cxd5 15. cxd5 Nxd5 {0-1 Nenezic,M (2528)-Ivanisevic,I (2557) SRB-ch Blitz 2022 (5)}) 9... Qa5 10. Bd3 Rb8 11. Rb1 Be7 12. O-O Be6 13. a3 O-O 14. Bh4 Rfd8 15. Qc1 Qa6 16. b3 h6 17. Be2 Qb7 18. Bxf6 Bxf6 19. b4 Bg5 20. Qc2 Qa6 21. Na4 Qc8 22. Rfd1 g6 23. Nc3 Rd7 24. b5 (24. g3 $11) 24... cxb5 $15 25. Rxb5 {[%emt 0:00:00] Black keeps a firm grip on the game.} Rxb5 26. Nxb5 Qc5 27. Qa4 Bd8 28. Qb4 Bb6 29. Qxc5 Bxc5 ({And not} 29... dxc5 30. Rxd7 Bxd7 31. Bd1 $15) 30. a4 a6 31. Nc3 Bd4 $36 {[%emt 0:00:00][%mdl 2048] Keeping White busy. A strong pair of Bishops.} 32. Nd5 {[%emt 0:01:18] [#] aiming for Nf6+.} Rb7 33. c5 (33. a5 $17) 33... Rb2 $19 (33... Bxc5 34. Bxa6 Rb2 35. Rf1) 34. Bxa6 Bxf2+ 35. Kh1 Bxd5 ({Worse is} 35... dxc5 36. Bc4 $17) 36. exd5 Bxc5 {[%emt 0:00:05][%mdl 4096] Endgame KRB-KRB} 37. g3 Ra2 38. Bb5 (38. h4 {was called for.}) 38... f5 39. Re1 Kg7 40. Re2 (40. h4 $142) 40... Rxe2 41. Bxe2 {[%emt 0:00:02] KB-KB} Bb6 42. h4 e4 43. Kg2 Kf6 44. Bb5 g5 45. hxg5+ hxg5 {[%emt 0:00:00][%cal Bh6g5,Bg5f4,Bf4f3][%mdl 32] ...Ke5 would be deadly.} 46. Kf1 Ke5 {[%emt 0:01:30] Black mates.} 47. Bd7 f4 48. gxf4+ gxf4 49. Be6 f3 50. Ke1 Ba5+ {[%emt 0:00:00] Weighted Error Value: White=0.67/Black=0.02 (flawless)} 0-1

[Event "Charlotte Spring IM-C 2023"]
[Site "Charlotte"]
[Date "2023.03.18"]
[Round "5.1"]
[White "Vanapalli, Vishnu"]
[Black "Adamson, Robby"]
[Result "1/2-1/2"]
[ECO "B13"]
[WhiteElo "2226"]
[BlackElo "2265"]
[Annotator "TA"]
[PlyCount "145"]
[EventDate "2023.03.14"]
[EventType "tourn"]
[EventCountry "USA"]
[SourceTitle "playchess.com"]
[Source "ChessBase"]
[SourceQuality "1"]
[TimeControl "5400+30"]

1. e4 c6 2. d4 d5 3. exd5 cxd5 4. Bd3 Nf6 5. h3 Nc6 6. c3 e5 7. dxe5 Nxe5 8. Nf3 Nxd3+ 9. Qxd3 Be7 10. O-O O-O 11. Be3 {[%emt 0:00:00] B13: Caro-Kann: Exchange Variation and Panov-Botvinnik Attack.} h6 12. Nbd2 Re8 13. Rfe1 {[%emt 0:00:00] [#]} Bf8 $146 ({Predecessor:} 13... a6 14. Bd4 Be6 15. Re3 Nd7 16. Rae1 Nf8 17. Nf1 Bd6 18. Ne5 f6 19. Ng6 Qd7 20. Nxf8 Bxf8 21. Ng3 Qf7 22. Qe2 Bd7 23. Qf3 Rxe3 24. Rxe3 Re8 25. Nf5 {½-½ Nevednichy,V (2563)-Istratescu,A (2616) HUN-chT 0607 2006 (10)}) 14. Bd4 Rxe1+ 15. Rxe1 Be6 16. Nf1 Ne4 17. Ne3 Nc5 18. Bxc5 Bxc5 19. Nd4 Qd7 20. Nxe6 fxe6 21. Ng4 Qf7 {[%emt 0:04:35] Dodges Qg6} 22. Qg3 Kh7 23. Re2 (23. Ne5 $14 Qf5 24. Nd7) 23... Rd8 24. Qe5 Re8 25. c4 {[%emt 0:01:03] Threatens to win with cxd5.} Rd8 26. Rd2 Bd6 27. Qe2 Kg8 28. cxd5 exd5 29. Rd1 Bc5 30. Qc2 Bb6 31. Ne5 Qe6 32. Nd3 Qe4 33. b3 Rf8 {[%emt 0:00:36][%cal Of8f2] ...Rxf2! is the strong threat.} 34. Qd2 Qd4 35. Qe2 Kh7 36. Kh1 (36. Qc2 {keeps more tension.} Qe4 37. Rd2 Kg8 38. Re2) 36... Qe4 37. Qd2 Kg8 38. Re1 Qd4 39. Qe2 Kh7 (39... Ba5 $5 40. Qe6+ Kh7 $11) 40. Qd1 Kg8 41. Re2 Kh8 (41... Qf6 $11 {keeps the balance.}) 42. Rc2 (42. g3 $16) 42... Re8 $11 43. Qf3 Kg8 44. Qd1 Rf8 45. Kg1 Re8 46. Re2 Rf8 47. Kh1 Kh7 48. Re7 Qc3 {[%emt 0:00:33] [#]} (48... Qf6 $11 49. Rxb7 Bxf2 50. Nxf2 Qxf2) 49. Re2 (49. Rxb7 $6 Bxf2 50. Qb1 Kg8 51. Nxf2 Rxf2 52. Rb8+ (52. Rxa7 Rc2 $11) 52... Kf7 $11) (49. Qe2 $1 $16) 49... Kg8 (49... Qd4 $11) 50. Rd2 Kh8 51. Qe2 Qa1+ 52. Rd1 Qf6 53. Re1 Kg8 54. Kg1 Qd4 55. Rf1 Kh7 56. Ne5 Rf5 57. Nf3 $36 {[%emt 0:00:19][%mdl 2048] White has some pressure.} Qf6 58. Qd3 {[%emt 0:00:07] And now g4 would win.} Kh8 59. Re1 {[%emt 0:00:33][%cal Bf1e1,Be1e2,Be2e8,Be8e6][%mdl 32] Hoping for Re8+.} Qf8 {[%emt 0:00:41] Against Re8} 60. Re2 Kg8 61. Kh1 Qf6 (61... Bc5 $14) 62. Re8+ $16 Kf7 {[%emt 0:00:03] [#]} 63. Qb5 {[%emt 0:00:41] White is more active.} ({Better is} 63. Rb8 $1 $16) 63... Rxf3 $2 (63... Bxf2 $2 64. Qd7+ (64. Qxb7+ $2 Kxe8 65. Qb5+ Kf8 $19) 64... Kg6 65. Re6 $18 (65. Qxb7 Rxf3)) (63... Qd6 $1 $14) 64. Qd7+ $18 Kg6 65. Qg4+ (65. gxf3 $2 {leads to mate.} Qxf3+ 66. Kh2 Qxf2+ 67. Kh1 Qg1#) 65... Kf7 {[%emt 0:00:16] ( -> ...Qa1+)} 66. Qd7+ Kg6 67. Re6 (67. gxf3 $2 {gets mated.} Qxf3+ 68. Kh2 Qxf2+ 69. Kh1 Qg1#) 67... Rxf2 68. Qxd5 $2 (68. Rxf6+ $18 gxf6 69. Qxd5 (69. Qxb7 Rxa2 70. Qxd5 h5 $16)) 68... Rf1+ $11 69. Kh2 Bc7+ {[%emt 0:00:11] The position is equal.} 70. g3 Rf2+ 71. Kg1 (71. Kh1 $5 Rf1+ $8 72. Kg2 Rf2+ 73. Kh1 Rf1+ 74. Kg2 Rf2+ 75. Kh1 $11) 71... Rf1+ 72. Kg2 {[%emt 0:00:11] Really sharp!} Rf2+ 73. Kg1 {[%emt 0:02:54] Weighted Error Value: White=0.13 (very precise) /Black=0.14 (very precise)} 1/2-1/2

[Event "Charlotte Spring IM-C 2023"]
[Site "Charlotte"]
[Date "2023.03.18"]
[Round "5.2"]
[White "Chiku-Ratte, Olivier-Kenta"]
[Black "Sriniaiyer, Sudarshan"]
[Result "0-1"]
[ECO "D38"]
[WhiteElo "2301"]
[BlackElo "2186"]
[Annotator "TA"]
[PlyCount "134"]
[EventDate "2023.03.14"]
[EventType "tourn"]
[EventCountry "USA"]
[SourceTitle "playchess.com"]
[Source "ChessBase"]
[SourceQuality "1"]
[TimeControl "5400+30"]

1. d4 Nf6 2. c4 e6 3. Nf3 d5 4. Nc3 Bb4 5. cxd5 exd5 6. Bg5 h6 7. Bh4 Nbd7 {[%emt 0:00:21] D38: Queen's Gambit Declined: Ragozin Defence (4 Nf3 Bb4).} 8. e3 g5 9. Bg3 Ne4 $1 {[%emt 0:01:45] The position is equal.} 10. Qb3 (10. Nd2 {simplifies} Nxg3 11. hxg3 Nb6 12. a3) 10... c5 11. Bb5 (11. Qxd5 $2 Nxc3 12. bxc3 Bxc3+ 13. Kd1 Bxa1 $19) (11. Nd2 $11 Nxd2 12. Kxd2) 11... Qa5 $15 {[%emt 0:18:22][%csl LRb5,LRc3] [#]} 12. O-O $146 ({Predecessor:} 12. Qxd5 Bxc3+ 13. Kd1 Bxb2 14. Qe5+ Kf8 15. Qxh8+ Ke7 16. Bxd7 Nc3+ 17. Kc2 Bxd7 18. Qe5+ {1-0 Fugger,C (1940)-Stallmann,A (1945) Hoersching op 2nd 2014 (9)}) 12... c4 $1 13. Qa4 (13. Bxd7+ $142 Bxd7 14. Qd1 Bxc3 15. bxc3) 13... Bxc3 $17 {[%emt 0:04:29][%mdl 64] Remove Defender} 14. bxc3 Qxa4 15. Bxa4 Nxc3 16. Bc2 Ne2+ {[%emt 0:10:17] Excellent horsemanship.} 17. Kh1 Nxg3+ 18. fxg3 {[%emt 0:05:15] [#]} O-O $1 19. e4 dxe4 20. Nd2 {[%emt 0:06:11] [#]} Nb6 {[%emt 0:04:49] ...f5 would be deadly.} 21. Nxe4 Be6 22. h4 gxh4 23. Nf6+ Kh8 24. Be4 Rad8 ({And not} 24... hxg3 25. d5 $17) 25. Rad1 Bd5 ({Inferior is} 25... hxg3 26. d5) 26. gxh4 Bxe4 27. Nxe4 Nd5 28. Rb1 b6 29. a4 f5 30. Ng3 f4 31. Nh5 Kh7 32. Rbe1 c3 {[%emt 0:01:25] White must now prevent ...c2.} 33. Rf2 Rde8 34. Rc1 Kg6 35. Nxf4+ Rxf4 36. Rxf4 Nxf4 37. Rxc3 $19 {[%emt 0:00:03][%mdl 4096] Endgame KRN-KR} Nd5 {[%emt 0:00:57] Against Rc7} 38. Rc6+ Kh5 39. Rd6 Ne3 40. Kh2 Nf5 (40... Kxh4 $2 {too greedy.} 41. Rxh6+ Kg5 42. Rh7 $19) 41. Rd7 Re7 42. Rd8 Re4 43. d5 Rxh4+ 44. Kg1 Rd4 45. Kf2 Kg5 46. Rd7 Rxa4 47. d6 Rd4 48. Rxa7 Rxd6 {[%emt 0:00:04] Strongly threatening ...Kf4.} 49. Rb7 Kf4 50. Ke2 Ke4 51. g4 Nd4+ 52. Kf2 Kf4 {[%emt 0:00:16] ( -> ...Nf3)} 53. Rg7 Ne6 (53... Nf3 $142 54. Rf7+ Kxg4 55. Rg7+ Ng5 56. Rc7 Rf6+ 57. Ke3 h5 58. Rc4+ Kg3 59. Ke2 h4 60. Rc3+ Nf3 61. Rc8 Re6+ 62. Kd3 h3 63. Rg8+ Kf2 64. Rh8 h2 65. Kc4 Re4+ 66. Kb5 Rh4 67. Rc8 h1=Q 68. Rc2+ Kg3 69. Rc8 Kf2 70. Rc2+ Kg3 71. Rc8 Qd1 72. Kc6 Rc4+ 73. Kb7 Qd7+ 74. Rc7 Qxc7+ 75. Ka6 Qc6 76. Ka7 Ra4+ 77. Kb8 Ra8#) 54. Rg6 {[%emt 0:00:15] [#]} Ng5 $1 {[%emt 0:00:13] Black mates.} 55. Rg8 (55. Rxd6 Ne4+) 55... Kxg4 56. Ke3 h5 57. Rc8 h4 58. Rc4+ Kg3 59. Rc1 Re6+ 60. Kd4 h3 61. Rg1+ Kh4 62. Kd5 Re2 63. Rb1 h2 64. Rb4+ Kg3 65. Rb3+ Nf3 66. Rb1 Re1 67. Rxe1 Nxe1 {[%emt 0:00:02] White did not feel at home in the position after the opening.   Weighted Error Value: White=0.40/Black=0.05 (flawless)} 0-1

[Event "Charlotte Spring IM-C 2023"]
[Site "Charlotte"]
[Date "2023.03.17"]
[Round "5.3"]
[White "Georgiev, Vladimir"]
[Black "Jayaraman, Roshan"]
[Result "1/2-1/2"]
[ECO "D27"]
[WhiteElo "2404"]
[BlackElo "1907"]
[Annotator "TA"]
[PlyCount "39"]
[EventDate "2023.03.14"]
[EventType "tourn"]
[EventCountry "USA"]
[SourceTitle "playchess.com"]
[Source "ChessBase"]
[SourceQuality "1"]
[TimeControl "5400+30"]

1. d4 Nf6 2. Nf3 d5 3. c4 e6 4. Nc3 dxc4 5. e3 a6 6. a4 c5 7. Bxc4 Nc6 8. O-O Be7 9. b3 O-O 10. Bb2 cxd4 11. exd4 Nb4 12. Ne5 Bd7 {[%emt 0:00:00] [#] An uneventful encounter.  D27: Queen's Gambit Accepted: Classical main line: 7 e4!? and 7 a4.} {Predecessor:} 13. Qf3 $146 Bc6 14. Nxc6 bxc6 15. Rad1 a5 16. Ne2 Nfd5 17. Ng3 Bd6 18. Ne4 Bc7 19. Bc1 h6 20. Rfe1 {½-½ Gurevich,M (2627)-Balogh,C (2562) Warsaw AIG Life rapid Gp4 7th 2007 (3)} 1/2-1/2

[Event "Charlotte Spring IM-C 2023"]
[Site "Charlotte"]
[Date "2023.03.18"]
[Round "5.4"]
[White "Amburgy, Ryan"]
[Black "Nguyen, James Le"]
[Result "1-0"]
[ECO "D45"]
[WhiteElo "2242"]
[BlackElo "2100"]
[Annotator "TA"]
[PlyCount "93"]
[EventDate "2023.03.14"]
[EventType "tourn"]
[EventCountry "USA"]
[SourceTitle "playchess.com"]
[Source "ChessBase"]
[SourceQuality "1"]
[TimeControl "5400+30"]

1. Nf3 d5 2. e3 Nf6 3. c4 c6 4. Nc3 a6 5. d4 e6 6. b3 Bb4 7. Bd2 O-O 8. Bd3 Nbd7 9. O-O {[%emt 0:00:23][%cal Oc3d5] D45: Semi-Slav: 5 e3.} Bd6 10. e4 dxc4 11. Bxc4 {[%emt 0:04:31] The position is equal.} e5 $1 12. Bg5 b5 13. Be2 {[%emt 0:00:32] [#]} Re8 $146 ({Predecessor:} 13... h6 14. Bh4 Re8 15. Rc1 Bb7 16. dxe5 Nxe5 17. Nd4 Ng6 18. Bg3 Bxg3 19. hxg3 Nxe4 {½-½ Wiedenkeller,M (2434)-Karjakin,S (2722) EU-Cup 25th Ohrid 2009 (3.2)}) 14. d5 c5 (14... cxd5 $15 {stays ahead.} 15. Nxd5 h6 16. Bxf6 Nxf6) 15. a4 $16 b4 {[%emt 0:03:43] [#]} 16. Nb1 h6 17. Bxf6 Nxf6 18. Nfd2 Rf8 19. Qc2 Ne8 20. Nc4 f5 21. Nbd2 {[%emt 0:00:41] White is more active.} Bc7 22. Rad1 Qe7 23. exf5 Bxf5 24. Bd3 Bd7 (24... Nd6 {was necessary.}) 25. Ne4 $18 {[%emt 0:03:23][%cal Od5d6] d6! is the strong threat. Excellent horsemanship.} Nd6 26. Ncxd6 ({White should try} 26. Nxc5 $18 Bf5 27. Bxf5 Nxf5 28. Ne6) 26... Bxd6 $16 27. Rc1 Rfc8 (27... Bf5 $16 {was worth a try.} 28. Ng3 (28. Nxc5 Bxd3 29. Nxd3 e4 $15) 28... Bd7) 28. Qe2 $18 a5 29. Qe3 Rc7 30. Rfe1 Re8 {[%emt 0:01:32] [#]} (30... Bf5 $142 31. Nd2 Bxd3 32. Qxd3 Rd7) 31. h4 $1 Qf8 (31... Rf8 32. Nxd6) 32. Qg3 Bc8 $2 (32... c4) 33. Qg6 Rd8 {[%emt 0:00:50] Black is weak on the light squares} 34. Ng3 {[%emt 0:01:16] Prevents Bf5. aiming for Re3.} Qf6 (34... Qf7 $142 35. Qh7+ Kf8) 35. Qh7+ Kf8 36. Bg6 {[%emt 0:01:19] Hoping for Ne4.} Rf7 37. Ne4 Qf4 38. g3 (38. Nxc5 $2 {too greedy.} Qxf2+ 39. Kh1 Qxh4+ 40. Kg1 Bxc5+ 41. Rxc5 Qxe1+ $19) 38... Qf3 39. Re3 (39. Nxc5 $2 {is the wrong capture.} Bxc5 40. Qh8+ Ke7 41. Rxe5+ Be6 42. Rxe6+ Kd7 $19) (39. Bxf7 {leads to mate.} Bh3 40. Qh8+ Ke7) 39... Qg4 40. Nxd6 {[%emt 0:00:30][%mdl 64] Remove Defender. White mates.} Rxd6 41. Qh8+ Ke7 42. Rxe5+ Kf6 43. Bxf7 Kxe5 44. Qe8+ Kf6 45. Bh5 Qf5 46. Re1 Rxd5 47. Qe7# {[%emt 0:00:39] Artfully played by Amburgy.   Weighted Error Value: White=0.15 (very precise) /Black=0.53} 1-0

[Event "Charlotte Spring IM-C 2023"]
[Site "Charlotte"]
[Date "2023.03.18"]
[Round "5.5"]
[White "Yu, Jiangwei"]
[Black "Petenyi, Tamas"]
[Result "1-0"]
[ECO "E90"]
[WhiteElo "2167"]
[BlackElo "2325"]
[Annotator "TA"]
[PlyCount "99"]
[EventDate "2023.03.14"]
[EventType "tourn"]
[EventCountry "USA"]
[SourceTitle "playchess.com"]
[Source "ChessBase"]
[SourceQuality "1"]
[TimeControl "5400+30"]

1. d4 Nf6 2. c4 g6 3. Nc3 Bg7 4. e4 d6 5. h3 O-O 6. Be3 b6 7. Nf3 Bb7 8. Bd3 Nbd7 9. O-O {[%emt 0:01:28] E90: King's Indian: Classical: Early deviations and 6 h3.} c5 10. d5 Ne5 11. Nxe5 {[%emt 0:01:07] White is better.} dxe5 {[%emt 0:00:00] [#]} 12. Qd2 $146 ({Predecessor:} 12. f4 exf4 13. Bxf4 Nh5 14. Bh2 e6 15. Rb1 Qg5 16. Qf3 Bd4+ 17. Kh1 Be5 {½-½ Kalanyos,F (2013)-Miovecz,J HUN-chT2 Asztalos 0405 2004 (10)}) 12... e6 13. Rae1 exd5 14. cxd5 Qe7 15. Bg5 a6 16. a4 Qc7 17. Bc4 Ne8 18. Bh6 {[%emt 0:02:44] White is more active.} Nd6 19. b3 f6 20. Bxg7 Kxg7 21. Qe2 Rfe8 22. Qe3 Bc8 23. Bd3 Bd7 24. Qe2 (24. f4 {looks sharper.} c4 25. bxc4 Nxc4 26. Bxc4 Qxc4 27. fxe5 fxe5 28. d6) 24... Qb7 25. f4 exf4 26. Rxf4 Re5 27. Ref1 (27. Qf2 $5 Rf8 28. Rf1 $16) 27... Rf8 ({Black should try} 27... f5 $1 $14) 28. Bxa6 Qc7 29. Bc4 Qd8 30. Bd3 Qe7 31. Qb2 Kg8 ({Better is} 31... Rg5) 32. R4f2 g5 {[%emt 0:00:49] [#]} (32... Rg5 $16 {might work better.}) 33. g4 (33. b4 $1 $18) 33... h5 34. Qe2 ({But not} 34. gxh5 $6 Bxh3 35. Rd1 Qd7 $11) 34... hxg4 35. hxg4 Kg7 36. Qf3 $36 {[%emt 0:00:55][%mdl 2048] Black is under strong pressure.} Qe8 $2 {[%emt 0:00:31][%mdl 8192] This move loses the game for Black.} (36... Bc8 $16 37. Rh2 Qd7) 37. Rh2 $18 {[%emt 0:01:07] Black must now prevent Kg2.} Qg6 38. Kg2 {[%emt 0:00:59] Threatens to win with Rfh1.} Kf7 $2 {[%emt 0:03:36] [#]} (38... Nf7 39. Rfh1 Rh8 40. Rxh8 {[%mdl 64] Remove Defender} Nxh8) 39. Rh7+ $3 {[%emt 0:01:17][%mdl 576] Deflection, Back Rank. White is clearly winning.} Ke8 40. Rfh1 Rf7 41. R1h6 Qxh7 42. Rxh7 Rxh7 43. Qxf6 Nf7 {[%emt 0:01:30] Against Qxe5+} 44. Qxb6 Rh4 45. a5 Rxg4+ 46. Kf2 Rf4+ 47. Ke3 Ke7 48. Qxc5+ Nd6 49. a6 {[%emt 0:00:39] Hoping for a7.} Rf8 50. Kd4 {[%emt 0:00:21][%mdl 64] Trapped Piece. An entertaining game by Yu.   Weighted Error Value: White=0.17 (very precise) /Black=0.36} 1-0

[Event "Charlotte Spring IM-C 2023"]
[Site "Charlotte"]
[Date "2023.03.18"]
[Round "6.2"]
[White "Nguyen, James Le"]
[Black "Yu, Jiangwei"]
[Result "1/2-1/2"]
[ECO "B51"]
[WhiteElo "2100"]
[BlackElo "2167"]
[Annotator "TA"]
[PlyCount "97"]
[EventDate "2023.03.14"]
[EventType "tourn"]
[EventCountry "USA"]
[SourceTitle "playchess.com"]
[Source "ChessBase"]
[SourceQuality "1"]
[TimeControl "5400+30"]

1. e4 c5 2. Nf3 d6 3. Bb5+ Nd7 4. c3 Ngf6 5. Bd3 e6 6. O-O {[%emt 0:01:22] B51: Sicilian: Moscow Variation (3 Bb5+) without 3...Bd7.} Qc7 7. Re1 b6 8. Bc2 {[%emt 0:01:54] White is slightly better.} c4 9. b3 {[%emt 0:02:39] [#]} cxb3 $146 (9... Ne5 $14) ({Predecessor:} 9... b5 10. d4 cxd3 11. Bxd3 a6 12. Bb2 Bb7 13. Nbd2 Nc5 14. Bc2 e5 15. Rc1 Be7 {0-1 Tissot,A-Piquemal,C (2047) FRA-chT2 0304a 2003 (10.9)}) 10. axb3 $16 Bb7 11. c4 Be7 12. Nc3 a6 13. Bb2 O-O 14. d4 Rfd8 15. Qe2 Nf8 16. e5 (16. Bd3 $16) 16... Ne8 17. Rac1 {[%emt 0:05:42] White is much more active.} (17. Ne4 {with more complications.} dxe5 18. Nxe5 Bb4 19. Ng5) 17... dxe5 18. Nxe5 (18. Qxe5 Bxf3 19. Qxc7 (19. gxf3 Bd6 $11) 19... Nxc7 $11) 18... Bg5 19. Rcd1 Ng6 20. Qg4 {[%emt 0:12:16] aiming for Nxg6.} Bh6 21. Nxg6 hxg6 22. Qe2 Nf6 23. h3 Rac8 24. Ne4 Nh5 25. Qf1 {[%emt 0:00:35] [#]} (25. g3 $11 {keeps the balance.}) 25... Bf4 ({Black should play} 25... f5 $1 $17 26. Nc3 Bg5) 26. g3 $11 f5 (26... Bxg3 $11 27. fxg3 f5) 27. gxf4 $14 fxe4 28. Bxe4 Rf8 29. Bc1 {[%emt 0:02:27] Bxb7 is the strong threat. This pair of bishops is nice.} (29. Bxb7 {keeps more tension.} Qxb7 30. Rxe6 Nxf4 31. Re3) 29... Nxf4 30. Bxf4 Rxf4 31. Bxb7 (31. Bxg6 Qc6 32. d5 exd5 $17) 31... Qxb7 32. Rxe6 Rcf8 {[%emt 0:03:54] White must now prevent ...Rxf2.} 33. Re3 (33. Rxg6 $2 {perishes.} Rxf2 34. Qe1 (34. Qxf2 $2 Rxf2 35. Kxf2 Qf7+ 36. Ke2 Qxg6 $19) 34... Qf3 $19) (33. d5 $16) 33... b5 34. Rd2 bxc4 $1 35. bxc4 Qb4 36. Qd3 Rd8 37. Rg3 {[%emt 0:03:20][%cal Od3g6] Hoping for Qxg6!} (37. Rde2 {is interesting.} Rdxd4 38. Qxg6 Rd1+ 39. Kg2) 37... Rfxd4 {[%emt 0:02:21] [#]} 38. Qxg6 {[%emt 0:00:56][%csl Gg3][%cal Rg6g7][%mdl 64] Double Attack} Qb7 39. Rxd4 Rxd4 $11 {[%emt 0:00:02][%mdl 4096] Endgame KQR-KQR} 40. Qe8+ Kh7 {[%emt 0:00:02] ( -> ...Rd1+)} 41. Qh5+ Kg8 42. Re3 ({Don't take} 42. Qe8+ $6 Kh7 43. Qh5+ Kg8 $16) (42. c5 {feels hotter.} Qf7 43. Qe5 Rd1+ 44. Kg2) 42... Re4 43. Qc5 Qb1+ 44. Kg2 {[%emt 0:00:25] Qd5+ would kill now.} Rxe3 45. Qxe3 {[%emt 0:00:07] Threatens to win with Qe8+.} ({Don't do} 45. fxe3 Qd1 $16) 45... Qg6+ {[%emt 0:00:07] The position is equal.} 46. Kh2 a5 47. Qd2 a4 48. Qd8+ Kh7 49. Qh4+ {[%emt 0:00:05] Weighted Error Value: White=0.17 (very precise) /Black=0.14 (very precise)} 1/2-1/2

[Event "Charlotte Spring IM-C 2023"]
[Site "Charlotte"]
[Date "2023.03.18"]
[Round "6.3"]
[White "Jayaraman, Roshan"]
[Black "Amburgy, Ryan"]
[Result "1/2-1/2"]
[ECO "E49"]
[WhiteElo "1907"]
[BlackElo "2242"]
[Annotator "TA"]
[PlyCount "53"]
[EventDate "2023.03.14"]
[EventType "tourn"]
[EventCountry "USA"]
[SourceTitle "playchess.com"]
[Source "ChessBase"]
[SourceQuality "1"]
[TimeControl "5400+30"]

1. d4 Nf6 2. c4 e6 3. Nc3 Bb4 4. e3 O-O 5. Bd3 d5 6. a3 Bxc3+ 7. bxc3 dxc4 8. Bxc4 c5 9. Ne2 Qc7 10. Bd3 e5 {[%emt 0:00:00] 10...b6 is a critical line.} 11. O-O Nc6 {[%emt 0:00:00] E49: Nimzo-Indian: Rubinstein: 5 Bd3 d5 6 a3 Bxc3+ 7 bxc3.} 12. Ng3 Be6 13. f4 exd4 {[%emt 0:00:00] The position is equal.} 14. cxd4 Rad8 15. Rb1 a6 16. h3 b5 {[%emt 0:00:00] [#]} 17. Kh1 $146 (17. Bb2 $11) ({Predecessor:} 17. Bb2 cxd4 18. Rc1 Qb6 19. e4 Bc4 20. Kh2 Rfe8 21. Qf3 Nd7 22. Nf5 g6 23. Nh6+ {1-0 Sarana,A (2668)-Vidit,S (2714) Chess.com Rapid Wk21 Swiss 2022 (9)}) 17... Bc4 (17... c4 $17 18. Bc2 c3) 18. Bxc4 $11 bxc4 19. Qc2 cxd4 {[%emt 0:00:00] [#] Hoping for ...c3.} 20. Qxc4 Qd7 (20... dxe3 $11 21. Bxe3 Nd5) 21. e4 $14 {[%emt 0:05:09][%cal Be3e4,Be4e5,Be5f6][%mdl 32] White is slightly better.} d3 22. Bd2 Nd4 23. e5 (23. Qxa6 $2 {loses.} Ne2 24. Nxe2 dxe2 25. Qxe2 Qxd2 26. Qxd2 Rxd2 $19) (23. Qxd3 $2 {is the wrong capture.} Nf5 24. Qxd7 Nxg3+ 25. Kg1 Rxd7 $19) 23... Ne2 $1 24. Nxe2 dxe2 25. Qxe2 {[%emt 0:00:10] [#] Black must now prevent Ba5.} Qxd2 26. Qxd2 Rxd2 27. exf6 {[%emt 0:00:20] Weighted Error Value: White=0.10 (very precise) /Black=0.14 (very precise)} 1/2-1/2